 Dungeon Crawl Stone Soup version 0.25-a0-668-gea548f19b6 (webtiles) character file.

Game seed: 261470115159325531, levelgen mode: deterministic

51 Kohma the Sneak (level 3, 0/18 HPs)
             Began as a Spriggan Assassin on Mar 28, 2020.
             Slain by Natasha (8 damage)
             ... on level 2 of the Dungeon.
             The game lasted 00:04:17 (1722 turns).

Kohma the Sneak (Spriggan Assassin)                 Turns: 1722, Time: 00:04:18

Health: 0/18       AC:  3    Str:  7    XL:     3   Next: 58%
Magic:  4/4        EV: 17    Int: 13    God:
Gold:   70         SH:  0    Dex: 17    Spells: 2/2 levels left

rFire    . . .     SeeInvis +   a - +2 dagger
rCold    . . .     Gourm    .   (shield restricted)
rNeg     . . .     Faith    .   b - +0 robe
rPois    .         Spirit   .   (helmet restricted)
rElec    .         Reflect  .   l - +0 cloak
rCorr    .         Harm     .   (gloves unavailable)
MR       .....                  (boots unavailable)
Stlth    ++++......             (no amulet)
HPRegen  0.06/turn              (no ring)
MPRegen  0.09/turn              (no ring)

@: very quick
A: very small, unfitting armour, see invisible, herbivore, speed 3, slow
metabolism 2
a: no special abilities


You were on level 2 of the Dungeon.
You were not hungry.

You visited 1 branch of the dungeon, and saw 2 of its levels.

You collected 70 gold pieces.

Inventory:

Hand Weapons
 a - a +2 dagger (weapon)
Missiles
 c - 102 stones
 d - 27 poisoned darts (quivered)
 e - 2 curare-tipped darts
 s - 3 silver javelins
Armour
 b - a +0 robe (worn)
 l - a +0 cloak (worn)
Jewellery
 n - an uncursed ring of magical power {unknown}
Scrolls
 g - a scroll of fear {unknown}
 h - 2 scrolls of identify {unknown}
 i - a scroll of enchant weapon {unknown}
 j - 3 scrolls of remove curse {unknown}
 p - a scroll of enchant armour {unknown}
 q - 3 scrolls of fog {unknown}
 r - a scroll of magic mapping {unknown}
Potions
 k - a potion of cancellation {unknown}
 m - a potion of magic {unknown}
 o - a potion of ambrosia {unknown}
Comestibles
 f - 6 rations


   Skills:
 - Level 1.5 Fighting
 * Level 3.8 Short Blades
 - Level 2.0 Throwing
 - Level 1.5 Dodging
 + Level 6.6 Stealth


You had 2 spell levels left.
You didn't know any spells.
Your spell library was empty.

Dungeon Overview and Level Annotations

Branches:
Dungeon (2/15)

Altars:
Okawaru

Annotations:
D:2 Natasha


Innate Abilities, Weirdness & Mutations

You are very small and have problems with some larger weapons.
You are too small for most types of armour.
You have supernaturally acute eyesight. (SInv)
You are a herbivore.
You cover ground extremely quickly.
You need to consume almost no food.


Message History

Throwing (i - inventory. (/) - cycle)
d - 30 poisoned darts (quivered)
Press: ? - help, Shift-Dir - straight line, f/p - Natasha
Aim: Natasha, carrying a wand of polymorph (6) (poisoned)
You throw a poisoned dart. The poisoned dart hits Natasha.
Natasha looks even sicker.
Natasha casts a spell at you. The magic dart hits you.
Throwing (i - inventory. (/) - cycle)
d - 29 poisoned darts (quivered)
Press: ? - help, Shift-Dir - straight line, f/p - Natasha
Aim: Natasha, carrying a wand of polymorph (6) (very poisoned)
You throw a poisoned dart. The poisoned dart hits Natasha.
Natasha looks even sicker.
Throwing (i - inventory. (/) - cycle)
d - 28 poisoned darts (quivered)
Press: ? - help, Shift-Dir - straight line, f/p - Natasha
Aim: Natasha, carrying a wand of polymorph (6) (very poisoned)
You throw a poisoned dart. The poisoned dart hits Natasha.
Natasha looks as sick as possible!
Natasha zaps a wand.
You resist with some effort. Natasha claws you!
You die...

#.#..............
#.#.#......#.....
#.#.#......#.....
###...########.....
#....## #####.
##....# #. #...###
#. ##.#.# ##
####..#@###
.......h..#
...........#
.........)..#
..!.........#
....(.......#
...>(.....(.#
.........>?(#
............#


You could see Natasha.

Vanquished Creatures
  3 adders (D:2)
  A worm (D:2)
  A dart slug (D:2)
  4 giant cockroaches
  3 goblins
  3 hobgoblins
  A quokka (D:2)
  A bat (D:1)
  A frilled lizard (D:1)
  A kobold (D:2)
19 creatures vanquished.

Notes
Turn   | Place    | Note
-------+----------+-------------------------------------------
     0 | D:1      | Kohma the Spriggan Assassin began the quest for the Orb.
     0 | D:1      | Reached XP level 1. HP: 10/10 MP: 2/2
   187 | D:1      | Reached skill level 6 in Stealth
   504 | D:1      | Reached XP level 2. HP: 4/14 MP: 3/3
  1106 | D:2      | Found an iron altar of Okawaru.
  1152 | D:2      | Reached XP level 3. HP: 11/18 MP: 4/4
  1709 | D:2      | Noticed Natasha
  1722 | D:2      | Slain by Natasha

Levels and vault maps discovered:
D:1:      dpeg_arrival_tiny_c, layout_loops_corners, minmay_pentomino_s4
D:2:      layout_rooms, nicolae_overflow_hidden_temple, minmay_door_square,
          uniq_natasha

Skill      XL: |  1  2 |
---------------+-------+-----
Stealth        | 6 |  6.6
Short Blades   | 3 |  3.8
Fighting       | |  1.5
Throwing       | |  2.0
Dodging        | |  1.5

Action                   || total
-------------------------++-------
Melee: Dagger            ||    43
Throw: Dart              ||    27
 Stab: Sleeping          ||     1
Armor: Robe              ||     1
Dodge: Dodged            ||    29

Table legend:
 A = Non-vault XP
 B = Vault XP
 C = Vault XP percentage of total XP
 D = Non-vault monster count
 E = Vault monster count
 F = Vault count percentage of total count
                 A         B        C        D         E       F
            +---------+---------+-------+---------+---------+-------
      Total |      70 |       4 |   5.4 |      17 |       2 |  10.5
            +---------+---------+-------+---------+---------+-------
        D:1 |      10 |       4 |  28.6 |       6 |       2 |  25.0
        D:2 |      60 |       0 |   0.0 |      11 |       0 |   0.0
            +---------+---------+-------+---------+---------+-------
